 Dungeon Crawl Stone Soup version 0.27-a0-1184-ge86db4a01e (webtiles) character file.

Game seed: 15946553866890641868

87 freelancePsychic the Ruffian (level 4, -1/36 HPs)
             Began as a Draconian Transmuter on May 18, 2021.
             Was a Believer of Fedhas.
             Killed from afar by an orc wizard (11 damage)
             ... with a puff of flame
             ... on level 3 of the Dungeon.
             The game lasted 00:05:45 (2895 turns).

freelancePsychic the Ruffian (Draconian Transmuter) Turns: 2895, Time: 00:05:46

Health: -1/36      AC:  5    Str: 12    XL:     4   Next: 28%
Magic:  7/7        EV: 12    Int: 15    God:    Fedhas [**....]
Gold:   91         SH:  0    Dex: 11    Spells: 3/7 levels left

rFire    . . .     SeeInvis .     - Unarmed
rCold    . . .     Faith    .   (no shield)
rNeg     . . .     Spirit   .   (armour unavailable)
rPois    .         Reflect  .   (helmet restricted)
rElec    .         Harm     .   (no cloak)
rCorr    .         Rampage  .   (no gloves)
Will     .....                  (no boots)
Stlth    +.........             (no amulet)
HPRegen  0.12/turn              (no ring)
MPRegen  0.10/turn              (no ring)

@: no status effects
A: AC +5, unfitting armour, cold-blooded
a: Renounce Religion, Wall of Briars


You were on level 3 of the Dungeon.
You worshipped Fedhas.
Fedhas was pleased with you.
You visited 1 branch of the dungeon, and saw 3 of its levels.

You collected 91 gold pieces.

Inventory:

Jewellery
 d - a ring of fire
Scrolls
 a - 3 scrolls of holy word {unknown}
 c - a scroll of identify {unknown}
 e - 2 scrolls of teleportation {unknown}
 f - a scroll of enchant armour {unknown}
Potions
 b - a potion of attraction {unknown}
 g - a potion of degeneration {unknown}


   Skills:
 - Level 1.9 Fighting
 - Level 1.7 Dodging
 - Level 3.3 Unarmed Combat
 - Level 2.0 Spellcasting
 * Level 3.2 Transmutations
 * Level 2.2 Poison Magic


You had 3 spell levels left.
You knew the following spells:

 Your Spells              Type           Power      Damage    Failure   Level
a - Beastly Appendage     Tmut           22%        N/A       6%          1
b - Spider Form           Tmut/Pois      4%         N/A       22%         3

Your spell library contained the following spells:

 Spells                   Type           Power      Damage    Failure   Level
 Wereblood                Tmut           11%        N/A       9%          2
 Ice Form                 Ice/Tmut       6%         N/A       75%         4
 Hydra Form               Tmut           5%         N/A       86%         5


Dungeon Overview and Level Annotations

Branches:
Dungeon (3/15)

Altars:
Fedhas

Shops:
D:1 (


Innate Abilities, Weirdness & Mutations

Your plain brown scales are hard. (AC +5)
You cannot fit into any form of body armour.
You are cold-blooded and may be slowed by cold attacks.


Message History

You barely miss the orc. You tail-slap the orc.
The orc is almost dead.
Something hits you but does no damage. The orc closely misses you.
You hit the orc.
You kill the orc!
Fedhas appreciates your contribution to the ecosystem.
Something hits you.
You closely miss the goblin. The goblin hits you but does no damage.
You hit the goblin.
The goblin is heavily wounded.
Something hits you. The goblin hits you but does no damage.
You hit the goblin.
The goblin is severely wounded.
Something hits you. The goblin hits you but does no damage.
You miss the goblin.
The goblin is severely wounded.
Something hits you. The goblin barely misses you.
You barely miss the goblin. You tail-slap the goblin.
You kill the goblin!
Fedhas appreciates your contribution to the ecosystem.
Something hits you.
Things that are here:
a +0 flail; an orc corpse
There is a strange disturbance nearby!
You hit something but do no damage. You tail-slap something.
Something hits you.
You closely miss something. Something hits you but does no damage.
You hit something but do no damage. Something hits you.
* * * LOW HITPOINT WARNING * * *
You miss something. Something hits you but does no damage.
You barely miss something. Something hits you but does no damage.
You miss something. Something hits you but does no damage.
You closely miss something. You tail-slap something.
Something hits you but does no damage.
You closely miss something. You tail-slap something.
You hear some strange, mumbled words.
A puff of flame appears from out of thin air!
The puff of flame hits you!
You die...
Fedhas appreciates your contribution to the ecosystem.

.# .# ##.# #..#
#..# #.. #.# #
#########)# #
#....@{)..# #
#.######### #
#.# # #.# #
#.## # #..# #
##.# #########
#.#
........#####.#


There were no monsters in sight!

Vanquished Creatures
  2 adders
  2 worms
  3 dart slugs
  3 orcs (D:3)
  5 endoplasms
  2 giant cockroaches
  3 goblins
  4 hobgoblins
  3 jackals (D:3)
  5 kobolds (D:1)
  2 quokkas (D:2)
  5 ball pythons
  2 bats (D:3)
  3 frilled lizards
  A quokka skeleton (D:3)
  7 rats
52 creatures vanquished.

Notes
Turn   | Place    | Note
-------+----------+-------------------------------------------
     0 | D:1      | freelancePsychic the Draconian Transmuter began the quest
                  | for the Orb.
     0 | D:1      | Reached XP level 1. HP: 16/16 MP: 3/3
    32 | D:1      | Found Suabe's Weapon Emporium.
   470 | D:1      | Found a faded altar of an unknown god.
   473 | D:1      | Became a worshipper of Fedhas Madash
   473 | D:1      | Reached * piety under Fedhas
   526 | D:1      | Reached XP level 2. HP: 17/23 MP: 5/5
   715 | D:1      | Reached skill level 1 in Poison Magic
  1386 | D:2      | Found a blossoming altar of Fedhas.
  1432 | D:2      | Reached XP level 3. HP: 29/29 MP: 4/6
  1951 | D:3      | Learned a level 3 spell: Spider Form
  1992 | D:3      | Reached ** piety under Fedhas
  2537 | D:3      | Reached XP level 4. HP: 19/36 MP: 7/7
  2895 | D:3      | Killed from afar by an orc wizard

Illustrated notes

Levels and vault maps discovered:
D:1:      dpeg_arrival_more_subterranean_lakeside_camping, layout_basic,
          shapermc_ecumenical_altar_mp_urbaneastern, serial_shops, shop
D:2:      layout_basic, basic_altar
D:3:      layout_loops_ring, minmay_unequal

Skill      XL: |  1  2  3 |
---------------+----------+-----
Poison Magic   | 1 2 |  2.2
Transmutations | 3 |  3.2
Fighting       | |  1.9
Dodging        | |  1.7
Unarmed Combat | |  3.3
Spellcasting   | |  2.0

Action                   |  1- 3 |  4- 6 || total
-------------------------+-------+-------++-------
Melee: Unarmed           |   168 |    40 ||   208
       Tailslap          |    22 |     7 ||    29
       Punch             |     5 |     1 ||     6
       Kick              |     8 |       ||     8
       Headbutt          |     7 |     2 ||     9
 Cast: Beastly Appendage |    12 |       ||    12
 Stab: Sleeping          |     3 |       ||     3
Armor: Skin              |    53 |    20 ||    73
Dodge: Dodged            |    92 |     7 ||    99

Table legend: (Time is in decaauts)
 A = Elapsed time spent in this place.
 B = Non-inter-level travel time spent in this place.
 C = Inter-level travel time spent in this place.
 D = Time resting spent in this place.
 E = Time spent auto-exploring this place.
 F = Levels seen in this place.
 G = Mean time per level.
                   A        B        C        D        E       F      G
               +--------+--------+--------+--------+--------+-----+--------+
         Total |   2891 |   2841 |     50 |    372 |   2067 |   3 |  963.7 |
       Dungeon |   2891 |   2841 |     50 |    372 |   2067 |   3 |  963.7 |
               +--------+--------+--------+--------+--------+-----+--------+

Top non-repeatable levels by time:
     D:1: 1165 daAuts
     D:3: 948 daAuts
     D:2: 777 daAuts
